NEW YORK Islanders vs MINNESOTA Wild

Created - 6 mars 2024 at 11:01

Goals
1 2 3 OT1 SO T
NEW YORK Islanders 1 0 1 0 1 3
MINNESOTA Wild 2 0 0 0 0 2
Shots
1 2 3 OT1 SO T
NEW YORK Islanders 6 11 6 1 6 24
MINNESOTA Wild 10 12 8 1 6 31

1st period

1. MINNESOTA Wild , Martin Necas 16 (Kevin Fiala 19, Morgan Rielly 29) at 2:45
2. NEW YORK Islanders , Jacob Trouba 14 (Jesper Fast 11, Victor Olofsson 10) at 3:11
3. MINNESOTA Wild , Trevor Moore 4 (Yanni Gourde 8, Taylor Hall 4) at 18:52

Penalties :
No Penalty

2nd period

No Goal

Penalties :
Michael McLeod (NYI) for Holding (Minor) at 2:38, Zach Werenski (MIN) for Roughing (Minor) at 5:22, Ilya Lyubushkin (NYI) for Roughing (Minor) at 15:02, Nikolaj Ehlers (NYI) for Roughing (Minor) at 19:01

3rd period

4. NEW YORK Islanders , Michael McLeod 4 (Sean Kuraly 5, Ethan Bear 26) at 9:55

Penalties :
Alex Pietrangelo (MIN) for Cross-checking (Minor) at 3:39

Overtime #1

No Goal

Penalties :
No Penalty

Shootout

NEW YORK Islanders, Nino Niederreiter - Stopped by Ilya Samsonov
MINNESOTA Wild, Nikita Kucherov - Stopped by Ilya Sorokin
NEW YORK Islanders, Lucas Raymond - Stopped by Ilya Samsonov
MINNESOTA Wild, Tyler Toffoli - Shot Misses the Net
NEW YORK Islanders, Kirby Dach - Stopped by Ilya Samsonov
MINNESOTA Wild, J.T. Miller - Stopped by Ilya Sorokin
NEW YORK Islanders, Nikolaj Ehlers - Stopped by Ilya Samsonov
MINNESOTA Wild, Kevin Fiala - Stopped by Ilya Sorokin
NEW YORK Islanders, Victor Olofsson - Stopped by Ilya Samsonov
MINNESOTA Wild, Martin Necas - Stopped by Ilya Sorokin
NEW YORK Islanders, Jacob Trouba - Goal!
MINNESOTA Wild, Alex Pietrangelo - Shot Misses the Net

Penalties :
No Penalty

Goalie Stats

Ilya Sorokin (NYI), 29 saves from 31 shots - (0,935), W, 25-16-2, 65:00 minutes
Ilya Samsonov (MIN), 22 saves from 24 shots - (0,917), OTL, 25-15-3, 65:00 minutes

Players Stats for NEW YORK Islanders

Player Name              G  A  P  +/- PIM S  H  SB GA TA FO     MP     PP MP  PK MP  
------------------------------------------------------------------------------------
Braden Schneider         0  0  0   0  0   1  3  0  0  0  0/0    20:57   1:10   2:41 
Dillon Dube              0  0  0   0  0   5  2  0  0  0  10/20  21:20   1:33   0:00 
Erik Cernak              0  0  0   1  0   1  2  3  0  0  0/0    25:16   2:48   3:07 
Ethan Bear               0  1  1  -1  0   0  3  0  0  0  0/0    17:36   1:10   0:25 
Gustav Nyquist           0  0  0   0  0   0  1  0  0  0  0/2    19:33   0:49   4:17 
Ilya Lyubushkin          0  0  0  -1  2   0  2  2  0  0  0/0    16:55   0:00   1:43 
Jacob Trouba             1  0  1   1  0   2  2  2  0  0  0/0    26:18   2:48   3:07 
Jesper Fast              0  1  1   0  0   2  1  0  0  0  0/0    11:56   0:00   1:24 
Kirby Dach               0  0  0   0  0   3  1  0  0  0  5/11   15:07   2:25   0:35 
Lucas Raymond            0  0  0   0  0   2  1  0  0  0  0/5    15:12   1:33   0:00 
Michael McLeod           1  0  1   0  2   1  1  1  0  0  3/8     7:55   0:00   1:01 
Nikolaj Ehlers           0  0  0   0  2   0  1  0  0  0  0/0    22:54   1:36   0:16 
Nino Niederreiter        0  0  0   0  0   2  0  0  0  0  1/2    22:40   1:33   0:00 
Pius Suter               0  0  0   0  0   1  1  0  0  0  5/11   16:04   2:25   0:00 
Sean Kuraly              0  1  1   0  0   0  1  2  0  0  5/13   13:53   0:00   4:21 
Sebastian D Aho          0  0  0   0  0   0  0  0  0  0  0/0    17:57   0:00   0:51 
Victor Olofsson          0  1  1   0  0   3  0  0  0  0  0/3    10:32   0:00   0:00 
Zack Kassian             0  0  0   0  0   1  0  0  0  0  0/0     6:55   0:00   0:00 

Players Stats for MINNESOTA Wild

Player Name              G  A  P  +/- PIM S  H  SB GA TA FO     MP     PP MP  PK MP  
------------------------------------------------------------------------------------
Alex Pietrangelo         0  0  0  -1  2   1  1  1  0  0  0/0    24:27   3:41   1:04 
Alexandre Carrier        0  0  0   0  0   1  0  1  0  0  0/0    20:06   2:03   1:05 
Anton Lundell            0  0  0  -1  0   2  1  0  0  0  6/9     7:52   0:00   0:31 
Caleb Jones              0  0  0   1  0   1  3  0  0  0  0/0    16:38   0:13   1:03 
Denis Malgin             0  0  0  -1  0   0  0  0  0  0  1/1     9:19   0:00   0:00 
J.T. Miller              0  0  0  -1  0   5  3  0  0  0  18/29  25:54   4:14   2:14 
Kevin Fiala              0  1  1   1  0   1  0  0  0  0  0/0    17:48   1:43   0:00 
Martin Necas             1  0  1   1  0   5  0  0  0  0  1/2    18:11   1:43   0:23 
Mathieu Joseph           0  0  0  -1  0   0  0  0  0  0  0/0     7:21   0:00   0:00 
Mattias Ekholm           0  0  0  -1  0   3  3  1  0  0  0/0    25:31   3:41   2:07 
Morgan Rielly            0  1  1   0  0   0  0  1  0  0  0/0    23:54   2:03   1:51 
Nikita Kucherov          0  0  0  -1  0   4  1  0  0  0  0/1    20:25   4:01   0:00 
Robert Thomas            0  0  0   1  0   3  3  1  0  0  10/19  18:19   1:43   0:31 
Taylor Hall              0  1  1   1  0   1  0  0  0  0  0/0    10:28   0:13   0:00 
Trevor Moore             1  0  1   1  0   1  1  0  0  0  0/0    12:00   0:00   1:45 
Tyler Toffoli            0  0  0  -1  0   3  3  1  0  0  1/2    24:13   4:01   0:46 
Yanni Gourde             0  1  1   1  0   0  2  0  0  0  9/12   14:12   0:13   1:46 
Zach Werenski            0  0  0   1  2   0  1  1  0  0  0/0    14:22   0:13   0:46 

3 Stars

1 - Jacob Trouba (NYI)
2 - Trevor Moore (MIN)
3 - Martin Necas (MIN)

Power Play

NEW YORK Islanders - 0 on 2 Attempt(s) - 0,00%
MINNESOTA Wild - 0 on 3 Attempt(s) - 0,00%

Penalty Kill

NEW YORK Islanders - 3 on 3 Attempt(s) - 100,00% - Score 0 goal in Penalty Kill
MINNESOTA Wild - 2 on 2 Attempt(s) - 100,00% - Score 0 goal in Penalty Kill

Team Stat

NEW YORK Islanders - Hits : 22 - Faceoff Wins : 29 - Blocked Shots : 10 - Penalty Minutes : 6
MINNESOTA Wild - Hits : 22 - Faceoff Wins : 46 - Blocked Shots : 7 - Penalty Minutes : 4

Official

Referees : Cianna Lieffers and Beaudry Halkidis
Linesman : Steve Barton and Julien Fournier

Game Notes

No Game Note

Finance

Level 1 -- Attendance: 4760 (73,23%) -- Ticket Income $485,520
Level 2 -- Attendance: 4315 (71,92%) -- Ticket Income $263,215
Level 3 -- Attendance: 2200 (73,33%) -- Ticket Income $74,800
Level 4 -- Attendance: 2677 (66,93%) -- Ticket Income $66,925
Luxury Box -- Attendance: 840 (84,00%) -- Ticket Income $173,040
Game was played at the Xcel Energy Center.
Total Attendance: 14792 (72,16%)
Total Ticket Income: $1,063,500
Other Income: $265,875
Total Income: $1,329,375

NEW YORK Islanders

5 vs 5 Forward 
   Center                   Left Wing                Right Wing               Time % Phy DF OF 
 1 Dillon Dube              Nino Niederreiter        Nikolaj Ehlers           40     1   2  2  
 2 Pius Suter               Gustav Nyquist           Lucas Raymond            30     1   2  2  
 3 Kirby Dach               Victor Olofsson          Jesper Fast              20     1   2  2  
 4 Michael McLeod           Sean Kuraly              Zack Kassian             10     1   2  2  

5 vs 5 Defense 
   Defense                  Defense                                           Time % Phy DF OF 
 1 Jacob Trouba             Erik Cernak                                       40     1   2  2  
 2 Sebastian D Aho          Braden Schneider                                  30     1   2  2  
 3 Ilya Lyubushkin          Ethan Bear                                        20     1   2  2  
 4 Erik Cernak              Jacob Trouba                                      10     1   2  2  

PowerPlay Forward 
   Center                   Left Wing                Right Wing               Time % Phy DF OF 
 1 Dillon Dube              Lucas Raymond            Nino Niederreiter        70     1   2  2  
 2 Pius Suter               Nikolaj Ehlers           Kirby Dach               30     1   2  2  

PowerPlay Defense
   Defense                  Defense                                           Time % Phy DF OF 
 1 Jacob Trouba             Erik Cernak                                       60     1   2  2  
 2 Ethan Bear               Braden Schneider                                  40     1   2  2  

Penalty Kill 4 Players Forward 
   Center                   Wing                     Time % Phy DF OF 
 1 Sean Kuraly              Gustav Nyquist           60     1   2  2  
 2 Michael McLeod           Jesper Fast              40     1   2  2  

Penalty Kill 4 Players Defense
   Defense                  Defense                  Time % Phy DF OF 
 1 Jacob Trouba             Erik Cernak              60     1   2  2  
 2 Braden Schneider         Ilya Lyubushkin          40     1   2  2  

Penalty Kill - 3 Players Forward 
   Forward                                           Time % Phy DF OF 
 1 Pius Suter                                        60     1   2  2  
 2 Sean Kuraly                                       40     1   2  2  

Penalty Kill - 3 Players Defense
   Defense                  Defense                  Time % Phy DF OF 
 1 Jacob Trouba             Erik Cernak              60     1   2  2  
 2 Ilya Lyubushkin          Sebastian D Aho          40     1   2  2  

4 vs 4 Forward 
   Center                   Wing                     Time % Phy DF OF 
 1 Kirby Dach               Nino Niederreiter        60     1   2  2  
 2 Pius Suter               Victor Olofsson          40     1   2  2  

4 vs 4 Defense
   Defense                  Defense                  Time % Phy DF OF 
 1 Jacob Trouba             Erik Cernak              60     1   2  2  
 2 Ilya Lyubushkin          Braden Schneider         40     1   2  2  

Last Minutes Offensive
   Center                   Left Wing                Right Wing               Defense                  Defense                  
   Dillon Dube              Nino Niederreiter        Nikolaj Ehlers           Jacob Trouba             Erik Cernak              

Last Minutes Defensive
   Center                   Left Wing                Right Wing               Defense                  Defense                  
   Pius Suter               Nino Niederreiter        Lucas Raymond            Jacob Trouba             Erik Cernak              

Goaltenders
Starting : Ilya Sorokin             
Backup : Anton Khudobin           

Extra Forwards
Normal : Nikolaj Ehlers, Kirby Dach, Lucas Raymond - PP : Nikolaj Ehlers, Kirby Dach - PK : Sean Kuraly
Extra Defensemen
Normal : Ethan Bear, Jacob Trouba, Braden Schneider - PP : Ethan Bear - PK : Erik Cernak, Sebastian D Aho
Penalty Shots
Nino Niederreiter, Lucas Raymond, Kirby Dach, Nikolaj Ehlers, Victor Olofsson

Scratches
Adam Ruzicka (Healthy), Brett Connolly (Healthy), Jay Beagle (Healthy)

MINNESOTA Wild

5 vs 5 Forward 
   Center                   Left Wing                Right Wing               Time % Phy DF OF 
 1 J.T. Miller              Tyler Toffoli            Nikita Kucherov          40     1   2  2  
 2 Robert Thomas            Kevin Fiala              Martin Necas             32     1   2  2  
 3 Yanni Gourde             Taylor Hall              Trevor Moore             20     1   2  2  
 4 Anton Lundell            Mathieu Joseph           Denis Malgin             8      1   3  1  

5 vs 5 Defense 
   Defense                  Defense                                           Time % Phy DF OF 
 1 Alex Pietrangelo         Mattias Ekholm                                    40     1   2  2  
 2 Morgan Rielly            Alexandre Carrier                                 32     1   3  1  
 3 Zach Werenski            Caleb Jones                                       20     1   3  1  
 4 Alex Pietrangelo         Mattias Ekholm                                    8      1   2  2  

PowerPlay Forward 
   Center                   Left Wing                Right Wing               Time % Phy DF OF 
 1 J.T. Miller              Tyler Toffoli            Nikita Kucherov          60     1   1  3  
 2 Robert Thomas            Kevin Fiala              Martin Necas             40     1   1  3  

PowerPlay Defense
   Defense                  Defense                                           Time % Phy DF OF 
 1 Alex Pietrangelo         Mattias Ekholm                                    60     1   2  2  
 2 Morgan Rielly            Alexandre Carrier                                 40     1   2  2  

Penalty Kill 4 Players Forward 
   Center                   Wing                     Time % Phy DF OF 
 1 J.T. Miller              Yanni Gourde             60     1   3  1  
 2 Anton Lundell            Robert Thomas            40     1   3  1  

Penalty Kill 4 Players Defense
   Defense                  Defense                  Time % Phy DF OF 
 1 Alex Pietrangelo         Mattias Ekholm           60     1   3  1  
 2 Morgan Rielly            Alexandre Carrier        40     1   3  1  

Penalty Kill - 3 Players Forward 
   Forward                                           Time % Phy DF OF 
 1 J.T. Miller                                       60     1   3  1  
 2 Yanni Gourde                                      40     1   3  1  

Penalty Kill - 3 Players Defense
   Defense                  Defense                  Time % Phy DF OF 
 1 Alex Pietrangelo         Mattias Ekholm           60     1   3  1  
 2 Morgan Rielly            Alexandre Carrier        40     1   3  1  

4 vs 4 Forward 
   Center                   Wing                     Time % Phy DF OF 
 1 J.T. Miller              Nikita Kucherov          60     1   2  2  
 2 Robert Thomas            Kevin Fiala              40     1   2  2  

4 vs 4 Defense
   Defense                  Defense                  Time % Phy DF OF 
 1 Alex Pietrangelo         Mattias Ekholm           60     1   2  2  
 2 Morgan Rielly            Alexandre Carrier        40     1   2  2  

Last Minutes Offensive
   Center                   Left Wing                Right Wing               Defense                  Defense                  
   J.T. Miller              Tyler Toffoli            Nikita Kucherov          Alex Pietrangelo         Mattias Ekholm           

Last Minutes Defensive
   Center                   Left Wing                Right Wing               Defense                  Defense                  
   J.T. Miller              Yanni Gourde             Robert Thomas            Alex Pietrangelo         Mattias Ekholm           

Goaltenders
Starting : Ilya Samsonov            
Backup : Jack Campbell            

Extra Forwards
Normal : Trevor Moore, Anton Lundell, Mathieu Joseph - PP : Taylor Hall, Yanni Gourde - PK : Trevor Moore
Extra Defensemen
Normal : Zach Werenski, Caleb Jones, Alexandre Carrier - PP : Zach Werenski - PK : Caleb Jones, Zach Werenski
Penalty Shots
Nikita Kucherov, Tyler Toffoli, J.T. Miller, Kevin Fiala, Martin Necas

Scratches
None


% Time on Ice - NEW YORK Islanders

Lines # - Real PCT - Wanted PCT - Time Play
Normal Forward
1 - 38% - 40% - 18:59
2 - 27% - 30% - 13:39
3 - 21% - 20% - 10:32
4 - 14% - 10% - 6:55
Normal Defense
1 - 33% - 40% - 16:33
2 - 34% - 30% - 17:06
3 - 30% - 20% - 15:13
4 - 2% - 10% - 1:13
PP Forward
1 - 39% - 70% - 1:33
2 - 61% - 30% - 2:25
PP Defense
1 - 71% - 60% - 2:48
2 - 29% - 40% - 1:10
PK Forward
1 - 76% - 60% - 4:33
2 - 24% - 40% - 1:24
PK Defense
1 - 38% - 60% - 2:15
2 - 62% - 40% - 3:42
PK3 Forward
1 - 0% - 60%
2 - 0% - 40%
PK3 Defense
1 - 0% - 60%
2 - 0% - 40%
44 Forward
1 - 0% - 60%
2 - 0% - 40%
44 Defense
1 - 0% - 60%
2 - 0% - 40%
Last Minute Offensive  - 0:00
Last Minute Defensive  - 0:00
Total
Forward - 60:00
Defense - 60:00

% Time on Ice - MINNESOTA Wild

Lines # - Real PCT - Wanted PCT - Time Play
Normal Forward
1 - 33% - 40% - 16:24
2 - 32% - 32% - 16:05
3 - 20% - 20% - 10:15
4 - 15% - 8% - 7:21
Normal Defense
1 - 36% - 40% - 18:08
2 - 34% - 32% - 16:58
3 - 27% - 20% - 13:24
4 - 3% - 8% - 1:35
PP Forward
1 - 71% - 60% - 4:14
2 - 29% - 40% - 1:43
PP Defense
1 - 62% - 60% - 3:41
2 - 38% - 40% - 2:16
PK Forward
1 - 87% - 60% - 3:27
2 - 13% - 40% - 0:31
PK Defense
1 - 73% - 60% - 2:53
2 - 27% - 40% - 1:05
PK3 Forward
1 - 0% - 60%
2 - 0% - 40%
PK3 Defense
1 - 0% - 60%
2 - 0% - 40%
44 Forward
1 - 0% - 60%
2 - 0% - 40%
44 Defense
1 - 0% - 60%
2 - 0% - 40%
Last Minute Offensive  - 0:00
Last Minute Defensive  - 0:00
Total
Forward - 60:00
Defense - 60:00

Play-by-Play

1st period


0:01 of 1st period - J.T. Miller wins face-off versus Dillon Dube in neutral zone.
0:01 of 1st period - J.T. Miller is hit by Dillon Dube.
0:29 of 1st period - Erik Cernak is hit by Tyler Toffoli and loses puck.
0:37 of 1st period - Tyler Toffoli is hit by Jacob Trouba and loses puck.
1:05 of 1st period - Off-side.
1:06 of 1st period - Robert Thomas wins face-off versus Kirby Dach in neutral zone.
1:23 of 1st period - Shot by Victor Olofsson.
1:23 of 1st period - Stopped by Ilya Samsonov without a rebound.
1:24 of 1st period - Yanni Gourde wins face-off versus Lucas Raymond in MINNESOTA Wild zone.
2:16 of 1st period - Yanni Gourde is hit by Ethan Bear and loses puck.
2:27 of 1st period - Alexandre Carrier is hit by Sean Kuraly and loses puck.
2:37 of 1st period - Shot by Kevin Fiala.
2:37 of 1st period - Shot Blocked by Ilya Lyubushkin.
2:45 of 1st period - Shot by Martin Necas.
2:45 of 1st period - Goal by Martin Necas - NEW YORK Islanders : 0 - MINNESOTA Wild : 1.
2:46 of 1st period - Anton Lundell wins face-off versus Victor Olofsson in neutral zone.
3:09 of 1st period - Shot by Jesper Fast.
3:09 of 1st period - Shot Misses the Net.
3:11 of 1st period - Shot by Jacob Trouba.
3:11 of 1st period - Goal by Jacob Trouba - NEW YORK Islanders : 1 - MINNESOTA Wild : 1.
3:12 of 1st period - Dillon Dube wins face-off versus Robert Thomas in neutral zone.
3:28 of 1st period - Icing by Braden Schneider.
3:29 of 1st period - J.T. Miller wins face-off versus Dillon Dube in NEW YORK Islanders zone.
3:38 of 1st period - Shot by Nikita Kucherov.
3:38 of 1st period - Stopped by Ilya Sorokin without a rebound.
3:39 of 1st period - Robert Thomas wins face-off versus Gustav Nyquist in NEW YORK Islanders zone.
3:42 of 1st period - Shot by Martin Necas.
3:42 of 1st period - Stopped by Ilya Sorokin with a rebound.
3:44 of 1st period - Shot by Robert Thomas.
3:44 of 1st period - Deflect By Martin Necas.
3:44 of 1st period - Shot Misses the Net.
3:46 of 1st period - Shot by Kevin Fiala.
3:46 of 1st period - Shot Blocked by Erik Cernak.
4:27 of 1st period - Off-side.
4:28 of 1st period - Dillon Dube wins face-off versus Tyler Toffoli in neutral zone.
4:39 of 1st period - Shot by Dillon Dube.
4:39 of 1st period - Stopped by Ilya Samsonov without a rebound.
4:40 of 1st period - Yanni Gourde wins face-off versus Kirby Dach in MINNESOTA Wild zone.
5:40 of 1st period - Shot by Tyler Toffoli.
5:40 of 1st period - Shot Misses the Net.
5:42 of 1st period - Shot by Nikita Kucherov.
5:42 of 1st period - Stopped by Ilya Sorokin without a rebound.
5:43 of 1st period - Dillon Dube wins face-off versus Robert Thomas in NEW YORK Islanders zone.
5:54 of 1st period - Shot by Nino Niederreiter.
5:54 of 1st period - Shot Misses the Net.
5:56 of 1st period - Shot by Nino Niederreiter.
5:56 of 1st period - Stopped by Ilya Samsonov without a rebound.
5:57 of 1st period - J.T. Miller wins face-off versus Pius Suter in MINNESOTA Wild zone.
6:14 of 1st period - Shot by Nikita Kucherov.
6:14 of 1st period - Shot Misses the Net.
6:25 of 1st period - J.T. Miller is hit by Lucas Raymond and loses puck.
6:36 of 1st period - Shot by Lucas Raymond.
6:36 of 1st period - Deflect By Pius Suter.
6:36 of 1st period - Shot Blocked by Tyler Toffoli.
7:09 of 1st period - Icing by Jacob Trouba.
7:10 of 1st period - Anton Lundell wins face-off versus Dillon Dube in NEW YORK Islanders zone.
7:17 of 1st period - Shot by Anton Lundell.
7:17 of 1st period - Stopped by Ilya Sorokin without a rebound.
7:18 of 1st period - Anton Lundell wins face-off versus Nino Niederreiter in NEW YORK Islanders zone.
7:22 of 1st period - Icing by Erik Cernak.
7:23 of 1st period - Robert Thomas wins face-off versus Dillon Dube in NEW YORK Islanders zone.
7:43 of 1st period - Shot by Nikolaj Ehlers.
7:43 of 1st period - Shot Blocked by Alex Pietrangelo.
8:17 of 1st period - Shot by Zack Kassian.
8:17 of 1st period - Stopped by Ilya Samsonov without a rebound.
8:18 of 1st period - Michael McLeod wins face-off versus J.T. Miller in MINNESOTA Wild zone.
8:29 of 1st period - Shot by J.T. Miller.
8:29 of 1st period - Shot Misses the Net.
8:31 of 1st period - Shot by Alexandre Carrier.
8:31 of 1st period - Stopped by Ilya Sorokin without a rebound.
8:32 of 1st period - Kirby Dach wins face-off versus Anton Lundell in NEW YORK Islanders zone.
9:47 of 1st period - Shot by J.T. Miller.
9:47 of 1st period - Stopped by Ilya Sorokin without a rebound.
9:48 of 1st period - Dillon Dube wins face-off versus Yanni Gourde in NEW YORK Islanders zone.
9:48 of 1st period - Erik Cernak is hit by Yanni Gourde and loses puck.
9:57 of 1st period - Shot by Taylor Hall.
9:57 of 1st period - Shot Misses the Net.
10:22 of 1st period - Nino Niederreiter is hit by Mattias Ekholm and loses puck.
10:59 of 1st period - Shot by J.T. Miller.
10:59 of 1st period - Shot Misses the Net.
11:41 of 1st period - Shot by Martin Necas.
11:41 of 1st period - Shot Misses the Net.
11:45 of 1st period - Shot by Kevin Fiala.
11:45 of 1st period - Shot Misses the Net.
11:47 of 1st period - Shot by Martin Necas.
11:47 of 1st period - Stopped by Ilya Sorokin without a rebound.
11:48 of 1st period - Anton Lundell wins face-off versus Pius Suter in NEW YORK Islanders zone.
12:50 of 1st period - Shot by Kevin Fiala.
12:50 of 1st period - Stopped by Ilya Sorokin without a rebound.
12:51 of 1st period - Michael McLeod wins face-off versus J.T. Miller in NEW YORK Islanders zone.
13:09 of 1st period - J.T. Miller is hit by Ilya Lyubushkin and loses puck.
13:13 of 1st period - Icing by Ilya Lyubushkin.
13:14 of 1st period - Robert Thomas wins face-off versus Michael McLeod in NEW YORK Islanders zone.
14:10 of 1st period - Sebastian D Aho is hit by J.T. Miller and loses puck.
14:19 of 1st period - Shot by Victor Olofsson.
14:19 of 1st period - Shot Misses the Net.
15:05 of 1st period - Erik Cernak is hit by J.T. Miller and loses puck.
15:51 of 1st period - Shot by Nikolaj Ehlers.
15:51 of 1st period - Shot Misses the Net.
17:08 of 1st period - Shot by Victor Olofsson.
17:08 of 1st period - Stopped by Ilya Samsonov without a rebound.
17:09 of 1st period - Robert Thomas wins face-off versus Lucas Raymond in MINNESOTA Wild zone.
17:27 of 1st period - Gustav Nyquist is hit by Caleb Jones and loses puck.
18:25 of 1st period - Alexandre Carrier is hit by Jesper Fast.
18:40 of 1st period - Icing by Ilya Lyubushkin.
18:41 of 1st period - Yanni Gourde wins face-off versus Kirby Dach in NEW YORK Islanders zone.
18:41 of 1st period - Caleb Jones is hit by Ilya Lyubushkin and loses puck.
18:48 of 1st period - Shot by Yanni Gourde.
18:48 of 1st period - Shot Misses the Net.
18:50 of 1st period - Shot by Yanni Gourde.
18:50 of 1st period - Shot Misses the Net.
18:52 of 1st period - Shot by Trevor Moore.
18:52 of 1st period - Goal by Trevor Moore - NEW YORK Islanders : 1 - MINNESOTA Wild : 2.
18:53 of 1st period - Robert Thomas wins face-off versus Dillon Dube in neutral zone.
18:53 of 1st period - Robert Thomas is hit by Dillon Dube.
19:38 of 1st period - Icing by Dillon Dube.
19:39 of 1st period - Nino Niederreiter wins face-off versus J.T. Miller in NEW YORK Islanders zone.
Goals for this period are 1 for NEW YORK Islanders vs 2 for MINNESOTA Wild.
Shots for this period are 6 for NEW YORK Islanders vs 10 for MINNESOTA Wild.

2nd period


0:01 of 2nd period - J.T. Miller wins face-off versus Dillon Dube in neutral zone.
0:08 of 2nd period - Shot by Tyler Toffoli.
0:08 of 2nd period - Stopped by Ilya Sorokin without a rebound.
0:09 of 2nd period - Dillon Dube wins face-off versus J.T. Miller in NEW YORK Islanders zone.
0:09 of 2nd period - Dillon Dube is hit by Tyler Toffoli.
0:25 of 2nd period - Icing by Alex Pietrangelo.
0:26 of 2nd period - Tyler Toffoli wins face-off versus Pius Suter in MINNESOTA Wild zone.
0:26 of 2nd period - Nikita Kucherov is hit by Gustav Nyquist and loses puck.
0:44 of 2nd period - Alex Pietrangelo is hit by Braden Schneider and loses puck.
0:52 of 2nd period - Off-side.
0:53 of 2nd period - Dillon Dube wins face-off versus Robert Thomas in neutral zone.
1:38 of 2nd period - Shot by Robert Thomas.
1:38 of 2nd period - Stopped by Ilya Sorokin with a rebound.
1:45 of 2nd period - Icing by Jacob Trouba.
1:46 of 2nd period - J.T. Miller wins face-off versus Dillon Dube in NEW YORK Islanders zone.
1:59 of 2nd period - Shot by J.T. Miller.
1:59 of 2nd period - Shot Misses the Net.
2:01 of 2nd period - Shot by Alex Pietrangelo.
2:01 of 2nd period - Shot Misses the Net.
2:03 of 2nd period - Shot by J.T. Miller.
2:03 of 2nd period - Shot Misses the Net.
2:07 of 2nd period - Shot by J.T. Miller.
2:07 of 2nd period - Stopped by Ilya Sorokin without a rebound.
2:08 of 2nd period - Pius Suter wins face-off versus Yanni Gourde in NEW YORK Islanders zone.
2:19 of 2nd period - Shot by Pius Suter.
2:19 of 2nd period - Stopped by Ilya Samsonov without a rebound.
2:20 of 2nd period - J.T. Miller wins face-off versus Michael McLeod in MINNESOTA Wild zone.
2:38 of 2nd period - Minor Penalty to Michael McLeod for Holding.
2:39 of 2nd period - Robert Thomas wins face-off versus Gustav Nyquist in NEW YORK Islanders zone.
2:39 of 2nd period - Robert Thomas is hit by Braden Schneider.
2:49 of 2nd period - Shot by Robert Thomas.
2:49 of 2nd period - Shot Blocked by Sean Kuraly.
2:51 of 2nd period - Shot by Martin Necas.
2:51 of 2nd period - Stopped by Ilya Sorokin without a rebound.
2:52 of 2nd period - J.T. Miller wins face-off versus Sean Kuraly in NEW YORK Islanders zone.
2:53 of 2nd period - Shot by Alex Pietrangelo.
2:53 of 2nd period - Stopped by Ilya Sorokin without a rebound.
2:54 of 2nd period - J.T. Miller wins face-off versus Sean Kuraly in NEW YORK Islanders zone.
3:04 of 2nd period - Icing by Alex Pietrangelo.
3:05 of 2nd period - Sean Kuraly wins face-off versus J.T. Miller in MINNESOTA Wild zone.
3:40 of 2nd period - Shot by Alex Pietrangelo.
3:40 of 2nd period - Shot Blocked by Sean Kuraly.
3:42 of 2nd period - Shot by Mattias Ekholm.
3:42 of 2nd period - Stopped by Ilya Sorokin without a rebound.
3:43 of 2nd period - Sean Kuraly wins face-off versus Robert Thomas in NEW YORK Islanders zone.
4:17 of 2nd period - Icing by Alexandre Carrier.
4:18 of 2nd period - Robert Thomas wins face-off versus Sean Kuraly in MINNESOTA Wild zone.
4:51 of 2nd period - Icing by Braden Schneider.
4:52 of 2nd period - Yanni Gourde wins face-off versus Dillon Dube in NEW YORK Islanders zone.
5:05 of 2nd period - Shot by Taylor Hall.
5:05 of 2nd period - Shot Misses the Net.
5:22 of 2nd period - Shot by Dillon Dube.
5:22 of 2nd period - Stopped by Ilya Samsonov without a rebound.
5:22 of 2nd period - Minor Penalty to Zach Werenski for Roughing.
5:23 of 2nd period - J.T. Miller wins face-off versus Pius Suter in MINNESOTA Wild zone.
5:23 of 2nd period - J.T. Miller is hit by Kirby Dach.
6:36 of 2nd period - Shot by Lucas Raymond.
6:36 of 2nd period - Stopped by Ilya Samsonov with a rebound.
6:38 of 2nd period - Shot by Braden Schneider.
6:38 of 2nd period - Deflect By Lucas Raymond.
6:38 of 2nd period - Shot Misses the Net.
6:40 of 2nd period - Shot by Dillon Dube.
6:40 of 2nd period - Shot Misses the Net.
6:42 of 2nd period - Shot by Braden Schneider.
6:42 of 2nd period - Stopped by Ilya Samsonov without a rebound.
6:43 of 2nd period - Pius Suter wins face-off versus Anton Lundell in MINNESOTA Wild zone.
6:58 of 2nd period - Shot by Erik Cernak.
6:58 of 2nd period - Stopped by Ilya Samsonov without a rebound.
6:59 of 2nd period - Dillon Dube wins face-off versus Martin Necas in MINNESOTA Wild zone.
7:12 of 2nd period - Shot by Jacob Trouba.
7:12 of 2nd period - Stopped by Ilya Samsonov with a rebound.
7:14 of 2nd period - Shot by Jacob Trouba.
7:14 of 2nd period - Shot Blocked by Mattias Ekholm.
7:59 of 2nd period - Icing by Ethan Bear.
8:00 of 2nd period - Michael McLeod wins face-off versus Robert Thomas in NEW YORK Islanders zone.
9:44 of 2nd period - Shot by Dillon Dube.
9:44 of 2nd period - Stopped by Ilya Samsonov without a rebound.
9:45 of 2nd period - Kirby Dach wins face-off versus Nikita Kucherov in MINNESOTA Wild zone.
9:45 of 2nd period - Ilya Lyubushkin is hit by Mattias Ekholm and loses puck.
9:59 of 2nd period - Jesper Fast is hit by Alex Pietrangelo.
10:19 of 2nd period - Shot by Jesper Fast.
10:19 of 2nd period - Stopped by Ilya Samsonov with a rebound.
10:21 of 2nd period - Shot by Victor Olofsson.
10:21 of 2nd period - Shot Misses the Net.
12:26 of 2nd period - Shot by J.T. Miller.
12:26 of 2nd period - Deflect By Nikita Kucherov.
12:26 of 2nd period - Shot Blocked by Erik Cernak.
12:28 of 2nd period - Shot by Nikita Kucherov.
12:28 of 2nd period - Stopped by Ilya Sorokin without a rebound.
12:29 of 2nd period - Robert Thomas wins face-off versus Kirby Dach in NEW YORK Islanders zone.
12:47 of 2nd period - Shot by Jesper Fast.
12:47 of 2nd period - Stopped by Ilya Samsonov with a rebound.
12:53 of 2nd period - Shot by Victor Olofsson.
12:53 of 2nd period - Shot Blocked by Robert Thomas.
12:55 of 2nd period - Shot by Kirby Dach.
12:55 of 2nd period - Stopped by Ilya Samsonov without a rebound.
12:56 of 2nd period - Yanni Gourde wins face-off versus Lucas Raymond in MINNESOTA Wild zone.
13:04 of 2nd period - Icing by Braden Schneider.
13:05 of 2nd period - J.T. Miller wins face-off versus Lucas Raymond in NEW YORK Islanders zone.
14:28 of 2nd period - Shot by Dillon Dube.
14:28 of 2nd period - Shot Misses the Net.
14:40 of 2nd period - Shot by Nino Niederreiter.
14:40 of 2nd period - Shot Misses the Net.
14:42 of 2nd period - Shot by Jacob Trouba.
14:42 of 2nd period - Shot Blocked by Morgan Rielly.
15:01 of 2nd period - Morgan Rielly is hit by Ethan Bear and loses puck.
15:02 of 2nd period - Minor Penalty to Ilya Lyubushkin for Roughing.
15:03 of 2nd period - J.T. Miller wins face-off versus Sean Kuraly in NEW YORK Islanders zone.
15:38 of 2nd period - Shot by Nikita Kucherov.
15:38 of 2nd period - Stopped by Ilya Sorokin with a rebound.
15:40 of 2nd period - Shot by J.T. Miller.
15:40 of 2nd period - Stopped by Ilya Sorokin without a rebound.
15:41 of 2nd period - Sean Kuraly wins face-off versus J.T. Miller in NEW YORK Islanders zone.
17:19 of 2nd period - Nikolaj Ehlers is hit by Caleb Jones and loses puck.
17:28 of 2nd period - Shot by Nino Niederreiter.
17:28 of 2nd period - Shot Blocked by Zach Werenski.
17:30 of 2nd period - Shot by Nino Niederreiter.
17:30 of 2nd period - Stopped by Ilya Samsonov without a rebound.
17:31 of 2nd period - Yanni Gourde wins face-off versus Victor Olofsson in MINNESOTA Wild zone.
18:07 of 2nd period - Icing by Braden Schneider.
18:08 of 2nd period - Robert Thomas wins face-off versus Kirby Dach in NEW YORK Islanders zone.
18:31 of 2nd period - Shot by Robert Thomas.
18:31 of 2nd period - Stopped by Ilya Sorokin with a rebound.
19:01 of 2nd period - Minor Penalty to Nikolaj Ehlers for Roughing.
19:02 of 2nd period - J.T. Miller wins face-off versus Sean Kuraly in NEW YORK Islanders zone.
19:11 of 2nd period - Shot by Tyler Toffoli.
19:11 of 2nd period - Stopped by Ilya Sorokin with a rebound.
19:19 of 2nd period - Shot by Morgan Rielly.
19:19 of 2nd period - Shot Blocked by Ilya Lyubushkin.
19:21 of 2nd period - Shot by Tyler Toffoli.
19:21 of 2nd period - Stopped by Ilya Sorokin without a rebound.
19:22 of 2nd period - Sean Kuraly wins face-off versus J.T. Miller in NEW YORK Islanders zone.
Goals for this period are 0 for NEW YORK Islanders vs 0 for MINNESOTA Wild.
Shots for this period are 11 for NEW YORK Islanders vs 12 for MINNESOTA Wild.

3rd period


0:01 of 3rd period - J.T. Miller wins face-off versus Sean Kuraly in neutral zone.
0:36 of 3rd period - Ilya Lyubushkin is hit by Tyler Toffoli and loses puck.
0:54 of 3rd period - Alex Pietrangelo is hit by Jacob Trouba and loses puck.
1:19 of 3rd period - Shot by Nikolaj Ehlers.
1:19 of 3rd period - Shot Blocked by Alexandre Carrier.
1:41 of 3rd period - Shot by Taylor Hall.
1:41 of 3rd period - Stopped by Ilya Sorokin without a rebound.
1:42 of 3rd period - Martin Necas wins face-off versus Kirby Dach in NEW YORK Islanders zone.
1:54 of 3rd period - Victor Olofsson is hit by Zach Werenski and loses puck.
2:03 of 3rd period - Kirby Dach is hit by Robert Thomas and loses puck.
2:09 of 3rd period - Robert Thomas is hit by Ethan Bear.
2:11 of 3rd period - Shot by Martin Necas.
2:11 of 3rd period - Stopped by Ilya Sorokin without a rebound.
2:12 of 3rd period - Anton Lundell wins face-off versus Lucas Raymond in NEW YORK Islanders zone.
2:35 of 3rd period - Shot by Anton Lundell.
2:35 of 3rd period - Stopped by Ilya Sorokin without a rebound.
2:36 of 3rd period - J.T. Miller wins face-off versus Dillon Dube in NEW YORK Islanders zone.
3:39 of 3rd period - Minor Penalty to Alex Pietrangelo for Cross-checking.
3:40 of 3rd period - Pius Suter wins face-off versus J.T. Miller in MINNESOTA Wild zone.
3:41 of 3rd period - Shot by Kirby Dach.
3:41 of 3rd period - Stopped by Ilya Samsonov with a rebound.
3:53 of 3rd period - Yanni Gourde is hit by Pius Suter and loses puck.
4:20 of 3rd period - Erik Cernak is hit by Trevor Moore.
4:55 of 3rd period - Shot by Lucas Raymond.
4:55 of 3rd period - Shot Misses the Net.
5:38 of 3rd period - Kirby Dach is hit by Anton Lundell.
5:56 of 3rd period - Shot by Martin Necas.
5:56 of 3rd period - Shot Blocked by Michael McLeod.
5:58 of 3rd period - Shot by Mattias Ekholm.
5:58 of 3rd period - Stopped by Ilya Sorokin with a rebound.
6:00 of 3rd period - Shot by Robert Thomas.
6:00 of 3rd period - Stopped by Ilya Sorokin without a rebound.
6:01 of 3rd period - Denis Malgin wins face-off versus Michael McLeod in NEW YORK Islanders zone.
6:01 of 3rd period - Denis Malgin is hit by Braden Schneider.
6:11 of 3rd period - Shot by Mathieu Joseph.
6:11 of 3rd period - Shot Misses the Net.
7:18 of 3rd period - Icing by Ethan Bear.
7:19 of 3rd period - J.T. Miller wins face-off versus Pius Suter in NEW YORK Islanders zone.
7:44 of 3rd period - Shot by Tyler Toffoli.
7:44 of 3rd period - Shot Blocked by Jacob Trouba.
7:46 of 3rd period - Shot by J.T. Miller.
7:46 of 3rd period - Shot Misses the Net.
7:50 of 3rd period - Shot by J.T. Miller.
7:50 of 3rd period - Stopped by Ilya Sorokin without a rebound.
7:51 of 3rd period - Yanni Gourde wins face-off versus Victor Olofsson in NEW YORK Islanders zone.
8:17 of 3rd period - Shot by Trevor Moore.
8:17 of 3rd period - Shot Misses the Net.
8:19 of 3rd period - Shot by Trevor Moore.
8:19 of 3rd period - Shot Misses the Net.
8:38 of 3rd period - Off-side.
8:39 of 3rd period - Dillon Dube wins face-off versus J.T. Miller in neutral zone.
9:03 of 3rd period - Shot by Nikolaj Ehlers.
9:03 of 3rd period - Shot Misses the Net.
9:07 of 3rd period - Shot by Dillon Dube.
9:07 of 3rd period - Shot Hit the Post.
9:40 of 3rd period - J.T. Miller is hit by Michael McLeod and loses puck.
9:55 of 3rd period - Shot by Michael McLeod.
9:55 of 3rd period - Goal by Michael McLeod - NEW YORK Islanders : 2 - MINNESOTA Wild : 2.
9:56 of 3rd period - Pius Suter wins face-off versus Robert Thomas in neutral zone.
10:05 of 3rd period - Shot by Lucas Raymond.
10:05 of 3rd period - Stopped by Ilya Samsonov without a rebound.
10:06 of 3rd period - Kirby Dach wins face-off versus Yanni Gourde in MINNESOTA Wild zone.
10:22 of 3rd period - Yanni Gourde is hit by Erik Cernak.
10:35 of 3rd period - Yanni Gourde is hit by Erik Cernak and loses puck.
10:46 of 3rd period - Shot by Victor Olofsson.
10:46 of 3rd period - Stopped by Ilya Samsonov without a rebound.
10:47 of 3rd period - Pius Suter wins face-off versus Robert Thomas in MINNESOTA Wild zone.
12:05 of 3rd period - Shot by Dillon Dube.
12:05 of 3rd period - Stopped by Ilya Samsonov with a rebound.
12:07 of 3rd period - Shot by Nino Niederreiter.
12:07 of 3rd period - Shot Misses the Net.
12:09 of 3rd period - Shot by Dillon Dube.
12:09 of 3rd period - Shot Misses the Net.
12:43 of 3rd period - Shot by Jesper Fast.
12:43 of 3rd period - Deflect By Kirby Dach.
12:43 of 3rd period - Stopped by Ilya Samsonov without a rebound.
12:44 of 3rd period - Anton Lundell wins face-off versus Michael McLeod in MINNESOTA Wild zone.
13:58 of 3rd period - Icing by Mattias Ekholm.
13:59 of 3rd period - Dillon Dube wins face-off versus Anton Lundell in MINNESOTA Wild zone.
13:59 of 3rd period - Dillon Dube is hit by Mattias Ekholm.
14:19 of 3rd period - Alexandre Carrier is hit by Nikolaj Ehlers and loses puck.
15:33 of 3rd period - Icing by Erik Cernak.
15:34 of 3rd period - Yanni Gourde wins face-off versus Pius Suter in NEW YORK Islanders zone.
15:47 of 3rd period - Shot by Taylor Hall.
15:47 of 3rd period - Shot Misses the Net.
15:55 of 3rd period - Shot by Trevor Moore.
15:55 of 3rd period - Deflect By Taylor Hall.
15:55 of 3rd period - Shot Misses the Net.
15:57 of 3rd period - Shot by Alex Pietrangelo.
15:57 of 3rd period - Shot Blocked by Jacob Trouba.
16:07 of 3rd period - Shot by Yanni Gourde.
16:07 of 3rd period - Shot Blocked by Erik Cernak.
16:09 of 3rd period - Shot by Mattias Ekholm.
16:09 of 3rd period - Stopped by Ilya Sorokin without a rebound.
16:10 of 3rd period - J.T. Miller wins face-off versus Dillon Dube in NEW YORK Islanders zone.
16:24 of 3rd period - Shot by Nikita Kucherov.
16:24 of 3rd period - Shot Misses the Net.
16:26 of 3rd period - Shot by J.T. Miller.
16:26 of 3rd period - Stopped by Ilya Sorokin without a rebound.
16:27 of 3rd period - Kirby Dach wins face-off versus Robert Thomas in NEW YORK Islanders zone.
17:06 of 3rd period - Ilya Lyubushkin is hit by Robert Thomas and loses puck.
17:41 of 3rd period - Braden Schneider is hit by Nikita Kucherov.
17:45 of 3rd period - Nikolaj Ehlers is hit by J.T. Miller and loses puck.
18:30 of 3rd period - Shot by Lucas Raymond.
18:30 of 3rd period - Shot Misses the Net.
18:52 of 3rd period - Jacob Trouba is hit by Yanni Gourde and loses puck.
19:00 of 3rd period - Icing by Taylor Hall.
19:01 of 3rd period - Yanni Gourde wins face-off versus Michael McLeod in MINNESOTA Wild zone.
19:15 of 3rd period - Sean Kuraly is hit by Robert Thomas and loses puck.
19:23 of 3rd period - Sean Kuraly is hit by Caleb Jones and loses puck.
19:51 of 3rd period - Icing by Robert Thomas.
19:52 of 3rd period - Dillon Dube wins face-off versus Robert Thomas in MINNESOTA Wild zone.
Goals for this period are 1 for NEW YORK Islanders vs 0 for MINNESOTA Wild.
Shots for this period are 6 for NEW YORK Islanders vs 8 for MINNESOTA Wild.

Overtime #1


0:01 of 1st overtime period - J.T. Miller wins face-off versus Sean Kuraly in neutral zone.
0:24 of 1st overtime period - Icing by Jacob Trouba.
0:25 of 1st overtime period - J.T. Miller wins face-off versus Sean Kuraly in NEW YORK Islanders zone.
1:27 of 1st overtime period - Icing by Kirby Dach.
1:28 of 1st overtime period - Kirby Dach wins face-off versus J.T. Miller in NEW YORK Islanders zone.
1:44 of 1st overtime period - Shot by Tyler Toffoli.
1:44 of 1st overtime period - Shot Misses the Net.
2:26 of 1st overtime period - Shot by Denis Malgin.
2:26 of 1st overtime period - Shot Misses the Net.
2:32 of 1st overtime period - Shot by Caleb Jones.
2:32 of 1st overtime period - Stopped by Ilya Sorokin without a rebound.
2:33 of 1st overtime period - Sean Kuraly wins face-off versus J.T. Miller in NEW YORK Islanders zone.
4:31 of 1st overtime period - Shot by Dillon Dube.
4:31 of 1st overtime period - Stopped by Ilya Samsonov with a rebound.
4:33 of 1st overtime period - Shot by Gustav Nyquist.
4:33 of 1st overtime period - Shot Misses the Net.
Goals for this period are 0 for NEW YORK Islanders vs 0 for MINNESOTA Wild.
Shots for this period are 1 for NEW YORK Islanders vs 1 for MINNESOTA Wild.

ShootOut


5:00 of 1st overtime period - Round #1.
5:00 of 1st overtime period - NEW YORK Islanders, Nino Niederreiter.
5:00 of 1st overtime period - Stopped by Ilya Samsonov.
5:00 of 1st overtime period - MINNESOTA Wild, Nikita Kucherov.
5:00 of 1st overtime period - Stopped by Ilya Sorokin.
5:00 of 1st overtime period - Round #2.
5:00 of 1st overtime period - NEW YORK Islanders, Lucas Raymond.
5:00 of 1st overtime period - Stopped by Ilya Samsonov.
5:00 of 1st overtime period - MINNESOTA Wild, Tyler Toffoli.
5:00 of 1st overtime period - Shot Misses the Net.
5:00 of 1st overtime period - Round #3.
5:00 of 1st overtime period - NEW YORK Islanders, Kirby Dach.
5:00 of 1st overtime period - Stopped by Ilya Samsonov.
5:00 of 1st overtime period - MINNESOTA Wild, J.T. Miller.
5:00 of 1st overtime period - Stopped by Ilya Sorokin.
5:00 of 1st overtime period - Round #4.
5:00 of 1st overtime period - NEW YORK Islanders, Nikolaj Ehlers.
5:00 of 1st overtime period - Stopped by Ilya Samsonov.
5:00 of 1st overtime period - MINNESOTA Wild, Kevin Fiala.
5:00 of 1st overtime period - Stopped by Ilya Sorokin.
5:00 of 1st overtime period - Round #5.
5:00 of 1st overtime period - NEW YORK Islanders, Victor Olofsson.
5:00 of 1st overtime period - Stopped by Ilya Samsonov.
5:00 of 1st overtime period - MINNESOTA Wild, Martin Necas.
5:00 of 1st overtime period - Stopped by Ilya Sorokin.
5:00 of 1st overtime period - Round #6.
5:00 of 1st overtime period - NEW YORK Islanders, Jacob Trouba.
5:00 of 1st overtime period - Goal by Jacob Trouba.
5:00 of 1st overtime period - MINNESOTA Wild, Alex Pietrangelo.
5:00 of 1st overtime period - Shot Misses the Net. Output by the SimonT Hockey Simulator (STHS) for Martin Benoit - Original Page W3C HTML5 Valid
Hockey Simulator - Hockey Simulation - Hockey Manager